[Event "Titled Tuesday Blitz March 08 Early 2022"]
[White "Bethke, Richard"]
[Black "Alavi, Sayed Javad"]
[WhiteFideId "12959243"]
[BlackFideId "12500607"]
[WhiteElo "2534"]
[BlackElo "2475"]
[Result "1-0"]
[Round "06"]
[TimeControl "180+1"]
[Date "2022.03.08"]
[WhiteClock "0:01:00"]
[BlackClock "0:00:27"]

1. e4 c6 2. Nf3 d5 3. Nc3 dxe4 4. Nxe4 Nf6 5. Ng3 h5 6. h4 Bg4 7. Be2 e6 8. d4 Bd6 9. Ne5 Bxe5 10. dxe5 Qa5+ 11. Bd2 Qxe5 12. Bc3 Bxe2 13. Bxe5 Bxd1 14. Bxf6 gxf6 15. Rxd1 f5 16. Ke2 Nd7 17. Rd6 Ke7 18. Rhd1 Nf6 19. R6d4 Rhg8 20. a4 Rg4 21. a5 a6 22. R1d3 Rh8 23. Rxg4 hxg4 24. Rb3 Rb8 25. f4 Nd5 26. Nh5 b5 27. axb6 Rxb6 28. Rxb6 Nxb6 29. Kd3 Na4 30. b4 Nb6 31. c4 Nd5 32. cxd5 cxd5 33. Kd4 f6 34. Ng3 Kd6 35. Nxf5+ exf5 36. g3 1-0


[Site "https://www.chess.com"]

[Event "Titled Tuesday Blitz March 08 Early 2022"]
[White "Bettalli, Francesco"]
[Black "Chizhikov, Vladislav"]
[WhiteFideId "2816453"]
[BlackFideId "4178157"]
[WhiteElo "2216"]
[BlackElo "2120"]
[Result "1-0"]
[Round "06"]
[TimeControl "180+1"]
[Date "2022.03.09"]
[WhiteClock "0:00:37"]
[BlackClock "0:00:01"]

1. d4 d5 2. Nc3 c6 3. Bf4 Bf5 4. e3 Qb6 5. Rb1 e6 6. f3 h6 7. g4 Bh7 8. Bd3 Bxd3 9. Qxd3 Nd7 10. Nge2 c5 11. dxc5 Nxc5 12. Qd2 Bd6 13. O-O Bxf4 14. Nxf4 O-O-O 15. Qd4 Nf6 16. b4 Ncd7 17. Na4 Qxd4 18. exd4 b6 19. Nd3 Kb7 20. Rfc1 Rc8 21. c3 Ne8 22. Kf2 Nd6 23. Nac5+ Kc7 24. Nxd7 Kxd7 25. Ne5+ Ke7 26. a4 Rc7 27. a5 Rhc8 28. axb6 axb6 29. b5 Ra8 30. Nc6+ Kf6 31. Nb4 Ra3 32. Nc6 Nxb5 33. Ne5 Ra2+ 34. Kf1 Rxc3 35. Rxc3 Nxc3 36. Rxb6 Ne2 37. Rb7 Nxd4 38. f4 Ra1+ 39. Kf2 Ra2+ 40. Ke3 Nc2+ 41. Kd3 Ne1+ 42. Kc3 Ra3+ 43. Kb2 Nd3+ 44. Kxa3 Nxf4 45. Nxf7 e5 46. Nd6 e4 47. Kb2 Ke5 48. Nb5 Nd3+ 49. Kc3 Kf4 50. Rf7+ Kxg4 51. Kd4 Kh3 52. Kxd5 e3 53. Re7 e2 54. Re3+ Kg4 55. Rg3+ Kh4 56. Nd4 e1=Q 57. Nf3+ Kh5 58. Nxe1 Nxe1 59. Rxg7 Nf3 60. Rg2 Kh4 61. Ke4 Ng5+ 62. Kf5 Nf3 63. Kf4 Ng5 64. Ra2 Nh3+ 65. Kf3 1-0


[Site "https://www.chess.com"]

[Event "Titled Tuesday Blitz March 08 Early 2022"]
[White "Bilych, Olexiy"]
[Black "Demchenko, Anton"]
[WhiteFideId "14156504"]
[BlackFideId "4160258"]
[WhiteElo "2176"]
[BlackElo "2539"]
[Result "1-0"]
[Round "06"]
[TimeControl "180+1"]
[Date "2022.03.08"]
[WhiteClock "0:00:28"]
[BlackClock "0:00:01"]

1. e4 e5 2. Nf3 Nc6 3. Bc4 Nf6 4. d3 h6 5. O-O d6 6. a4 g6 7. a5 a6 8. c3 Bg7 9. Re1 O-O 10. Nbd2 Nh7 11. Nf1 Kh8 12. d4 Bg4 13. dxe5 Bxf3 14. Qxf3 Nxe5 15. Qe2 Qh4 16. Bb3 Rae8 17. Ra4 Qd8 18. f4 Nd7 19. Be3 Nhf6 20. Nd2 Re7 21. Qd3 Rfe8 22. Rb4 Qc8 23. Bf2 Rd8 24. Qc2 Rde8 25. Nf3 Rf8 26. h3 Ree8 27. e5 dxe5 28. fxe5 Nh7 29. e6 fxe6 30. Qxg6 Rxf3 31. gxf3 Rg8 32. Bxe6 Rf8 33. Rd4 Nhf6 34. Bxd7 Nxd7 35. Re7 Rg8 36. Rdxd7 Bf6 37. Rh7# 1-0


[Site "https://www.chess.com"]

[Event "Titled Tuesday Blitz March 08 Early 2022"]
[White "Bluebaum, Matthias"]
[Black "Bortnyk, Olexandr"]
[WhiteFideId "24651516"]
[BlackFideId "14120828"]
[WhiteElo "2550"]
[BlackElo "2723"]
[Result "1-0"]
[Round "06"]
[TimeControl "180+1"]
[Date "2022.03.08"]
[WhiteClock "0:00:15"]
[BlackClock "0:00:01"]

1. d4 d6 2. Nf3 Nf6 3. c4 g6 4. Nc3 Bf5 5. d5 Bg7 6. Nd4 Bd7 7. e4 e6 8. dxe6 fxe6 9. Be2 e5 10. Nb3 O-O 11. c5 Be6 12. cxd6 cxd6 13. O-O a5 14. Be3 Nc6 15. Rc1 a4 16. Nd2 Nd4 17. Bc4 Qd7 18. Bxd4 exd4 19. Nxa4 Bxc4 20. Nb6 Qe6 21. Nbxc4 Rxa2 22. Qb3 Ra7 23. Nxd6 Qxb3 24. Nxb3 d3 25. Rcd1 Ra4 26. Nc5 Rd4 27. e5 Ng4 28. Ne6 Bxe5 29. Nxd4 Bxd4 30. Ne4 Ne5 31. Kh1 Rf4 32. f3 Bxb2 33. g3 Rxe4 34. fxe4 Bc3 35. Rf3 Nxf3 36. Rxd3 Ng5 37. Rxc3 Nxe4 38. Rc8+ Kg7 39. Rc7+ Kh6 40. Rxb7 Nd6 41. Ra7 Nb5 42. Rd7 Nc3 43. Kg2 Ne4 44. Rd5 Nf6 45. Ra5 Kg7 46. Kf3 Nh5 47. g4 Nf6 48. Kf4 Ng8 49. g5 1-0


[Site "https://www.chess.com"]

[Event "Titled Tuesday Blitz March 08 Early 2022"]
[White "Bodnaruk, Anastasia"]
[Black "Aitbayev, Aslan"]
[WhiteFideId "4181751"]
[BlackFideId "13704613"]
[WhiteElo "2393"]
[BlackElo "2385"]
[Result "1/2-1/2"]
[Round "06"]
[TimeControl "180+1"]
[Date "2022.03.09"]
[WhiteClock "0:00:15"]
[BlackClock "0:00:12"]

1. f4 d5 2. Nf3 g6 3. g3 Bg7 4. Bg2 Nh6 5. O-O O-O 6. d3 d4 7. Nbd2 Nf5 8. Nc4 c5 9. g4 Nd6 10. Nxd6 Qxd6 11. h3 Nc6 12. Bd2 e5 13. fxe5 Nxe5 14. Nxe5 Bxe5 15. Qc1 f5 16. Bh6 Rf7 17. Qg5 f4 18. h4 Be6 19. Be4 Bf6 20. Qxf4 Qxf4 21. Rxf4 Bxh4 22. Rxf7 Bxf7 23. Kg2 g5 24. Rf1 Re8 25. Rf6 Re6 26. Rxe6 Bxe6 27. Kf3 Bxa2 28. Bxb7 Be6 29. Be4 a5 30. b3 Bf7 31. Bc6 Be6 32. Be4 Bf7 33. e3 Be6 34. exd4 cxd4 35. Bf5 Bd5+ 36. Be4 Be6 37. Bc6 Kf7 38. Be4 Kg8 1/2-1/2


[Site "https://www.chess.com"]

[Event "Titled Tuesday Blitz March 08 Early 2022"]
[White "Bures, Vit"]
[Black "Antonio, Jorge Carlos"]
[WhiteFideId "309052"]
[BlackFideId "113190"]
[WhiteElo "2118"]
[BlackElo "2247"]
[Result "1/2-1/2"]
[Round "06"]
[TimeControl "180+1"]
[Date "2022.03.09"]
[WhiteClock "0:00:07"]
[BlackClock "0:00:15"]

1. d4 d5 2. c4 c6 3. Nc3 dxc4 4. e3 b5 5. a4 Qb6 6. axb5 cxb5 7. b3 e6 8. bxc4 Bb4 9. Bd2 bxc4 10. Nf3 Nf6 11. Bxc4 a5 12. O-O O-O 13. Ne5 Nbd7 14. f4 Ba6 15. Qb3 Rfc8 16. Na4 Bxc4 17. Nxc4 Qc6 18. Bxb4 axb4 19. Rfc1 Nd5 20. Ne5 Qxc1+ 21. Rxc1 Rxc1+ 22. Kf2 N7f6 23. Nc5 Ra3 24. Qb2 Rac3 25. Kg3 h6 26. Ncd3 R1c2 27. Qa1 Rd2 28. Qa8+ Kh7 29. Qf8 Rcc2 30. Qxf7 Rxg2+ 31. Kh3 Rxh2+ 32. Kg3 Rcg2+ 33. Kf3 Rf2+ 34. Kg3 Rfg2+ 35. Kf3 Rf2+ 36. Kg3 Rfg2+ 1/2-1/2


[Site "https://www.chess.com"]

[Event "Titled Tuesday Blitz March 08 Early 2022"]
[White "Butti, Enrique"]
[Black "Politov, Pavel Y."]
[WhiteFideId "3700470"]
[BlackFideId "24110515"]
[WhiteElo "2080"]
[BlackElo "2090"]
[Result "0-1"]
[Round "06"]
[TimeControl "180+1"]
[Date "2022.03.09"]
[WhiteClock "0:00:53"]
[BlackClock "0:00:38"]

1. Nf3 d5 2. c4 d4 3. b4 c5 4. bxc5 Nc6 5. d3 e5 6. g3 Bxc5 7. Bg2 f5 8. Nbd2 Nf6 9. O-O O-O 10. Ne1 Be6 11. Rb1 Qc7 12. Nc2 Rae8 13. Ba3 Bxa3 14. Nxa3 a6 15. Qc2 Bc8 16. c5 Qe7 17. Bxc6 bxc6 18. Rb6 e4 19. Qc4+ Be6 20. Qxd4 exd3 21. exd3 Bd5 22. Nac4 Ng4 23. f3 Qe2 24. Rf2 Nxf2 25. Qxf2 Qxd3 0-1


[Site "https://www.chess.com"]

[Event "Titled Tuesday Blitz March 08 Early 2022"]
[White "Carre, Sylvain"]
[Black "Demin, Vladimir"]
[WhiteFideId "642118"]
[BlackFideId "4167457"]
[WhiteElo "2105"]
[BlackElo "2511"]
[Result "0-1"]
[Round "06"]
[TimeControl "180+1"]
[Date "2022.03.09"]
[WhiteClock "0:00:04"]
[BlackClock "0:00:05"]

1. d4 Nf6 2. Bf4 d5 3. e3 c5 4. c3 Nc6 5. Nd2 e6 6. Ngf3 Bd6 7. Bg3 O-O 8. Bd3 c4 9. Bc2 b5 10. a3 a5 11. O-O Bxg3 12. hxg3 Bb7 13. e4 dxe4 14. Nxe4 Nxe4 15. Bxe4 h6 16. Ne5 Qc7 17. Nxc6 Bxc6 18. Qf3 Bxe4 19. Qxe4 Rfd8 20. Rfe1 Rab8 21. Re3 Rd5 22. Qf3 b4 23. axb4 axb4 24. Qf4 Qb7 25. Ra4 bxc3 26. Rxc3 Qxb2 27. Raxc4 Rbd8 28. Rc7 Rf5 29. Qe3 Qa1+ 30. Rc1 Qxd4 31. Qxd4 Rxd4 32. R7c4 Rd2 33. Rf4 Rxf4 34. gxf4 g6 35. g3 Kg7 36. Kg2 h5 37. Rc7 Rd5 38. Rb7 Kf6 39. Rb4 Rd7 40. Rb6 h4 41. Rb2 Rd5 42. Kh3 hxg3 43. fxg3 Kf5 44. Re2 f6 45. Re3 Rd4 46. Re2 Re4 47. Ra2 g5 48. fxg5 Kxg5 49. Kg2 Rd4 50. Kf3 e5 51. Re2 Ra4 52. Kf2 Kg4 53. Rb2 f5 54. Rc2 Ra3 55. Rc8 Ra2+ 56. Ke3 Kxg3 57. Rg8+ Kh4 58. Rh8+ Kg5 59. Rg8+ Kf6 60. Rf8+ Ke6 61. Re8+ Kd6 62. Rf8 f4+ 63. Ke4 Ra4+ 64. Kd3 Rd4+ 65. Kc3 Ke7 66. Rb8 Ke6 67. Re8+ Kf5 68. Re7 Ke4 69. Rh7 Rd3+ 70. Kc2 Rd8 71. Rh3 f3 72. Rh1 Ke3 73. Re1+ Kf4 74. Kc3 e4 75. Rf1 e3 0-1


[Site "https://www.chess.com"]

[Event "Titled Tuesday Blitz March 08 Early 2022"]
[White "Cori T., Deysi"]
[Black "Tsatsalashvili, Keti"]
[WhiteFideId "3801934"]
[BlackFideId "13603434"]
[WhiteElo "2341"]
[BlackElo "2246"]
[Result "1-0"]
[Round "06"]
[TimeControl "180+1"]
[Date "2022.03.09"]
[WhiteClock "0:00:49"]
[BlackClock "0:00:02"]

1. Nf3 Nf6 2. d4 e6 3. e3 d5 4. Bd3 c5 5. b3 Nc6 6. Bb2 cxd4 7. exd4 Bb4+ 8. Nbd2 O-O 9. O-O b6 10. a3 Bd6 11. Ne5 Bb7 12. f4 Rc8 13. Kh1 Ne7 14. f5 Nxf5 15. Bxf5 exf5 16. Rxf5 Ne4 17. Nxe4 dxe4 18. Nc4 Rxc4 19. bxc4 Qh4 20. Qh5 Qxh5 21. Rxh5 f5 22. c5 bxc5 23. dxc5 Bxc5 24. Rd1 Bc6 25. Bd4 Rd8 26. c3 g6 27. Rh3 Ba4 28. Rb1 Bxd4 29. cxd4 Rxd4 30. Rc3 Rd7 31. g3 Bd1 32. Kg1 Bf3 33. h4 h6 34. Kf2 Kg7 35. Rc6 Rd2+ 36. Ke3 Rd3+ 37. Kf4 Rd7 38. Rb8 Re7 39. Rcc8 e3 40. Rg8+ Kf7 41. Rbf8+ Ke6 42. Kxf3 Kd5 43. Ke2 Kc4 44. Rxg6 1-0


[Site "https://www.chess.com"]

[Event "Titled Tuesday Blitz March 08 Early 2022"]
[White "Costachi, Mihnea"]
[Black "Aldokhin, Ivan"]
[WhiteFideId "1217518"]
[BlackFideId "24115720"]
[WhiteElo "2464"]
[BlackElo "2231"]
[Result "0-1"]
[Round "06"]
[TimeControl "180+1"]
[Date "2022.03.09"]
[WhiteClock "0:00:59"]
[BlackClock "0:00:31"]

1. e4 c5 2. Nc3 e6 3. g3 Nc6 4. Bg2 Nf6 5. d3 d6 6. f4 Be7 7. Nf3 O-O 8. O-O Rb8 9. a4 a6 10. h3 b5 11. axb5 axb5 12. Be3 b4 13. Ne2 c4 14. Qd2 b3 15. dxc4 Nxe4 16. Qd3 Nc5 17. Qd2 bxc2 18. Qxc2 Nb4 19. Qb1 Bb7 20. Rd1 Be4 21. Qc1 Nb3 22. Qc3 Nxa1 23. Rxa1 Nc2 24. Rd1 Nxe3 25. Qxe3 Bxf3 26. Bxf3 Rxb2 27. c5 d5 28. f5 Qc7 29. Rc1 Rc8 30. fxe6 Bxc5 31. exf7+ Kf8 32. Nd4 Bxd4 33. Rxc7 Bxe3+ 34. Kf1 Rxc7 0-1


[Site "https://www.chess.com"]

[Event "Titled Tuesday Blitz March 08 Early 2022"]
[White "Csonka, Balazs"]
[Black "Kamsky, Gata"]
[WhiteFideId "742910"]
[BlackFideId "2000024"]
[WhiteElo "2404"]
[BlackElo "2645"]
[Result "0-1"]
[Round "06"]
[TimeControl "180+1"]
[Date "2022.03.08"]
[WhiteClock "0:00:01"]
[BlackClock "0:00:22"]

1. e4 c6 2. Nc3 d5 3. Nf3 Bg4 4. h3 Bxf3 5. Qxf3 e6 6. Be2 Bc5 7. O-O Ne7 8. Na4 Bd4 9. c3 dxe4 10. Qxe4 Bf6 11. d4 b6 12. Rd1 Qd5 13. Bf3 Qxe4 14. Bxe4 Nd7 15. c4 Rc8 16. Be3 O-O 17. Nc3 Rfd8 18. a4 a5 19. Rd2 g6 20. Rad1 Nf5 21. Bxf5 gxf5 22. Bf4 Nf8 23. g3 Kg7 24. d5 cxd5 25. cxd5 Rc4 26. Be3 Rb4 27. Nb5 Rxa4 28. dxe6 Rxd2 29. Rxd2 Nxe6 30. Nd6 f4 31. gxf4 Nxf4 32. Ne8+ Kg6 33. Nxf6 Kxf6 34. Rd6+ Ke5 35. Bxf4+ Rxf4 36. Rxb6 Rb4 37. Ra6 a4 38. Kg2 Kd4 39. Kg3 Kc4 40. f3 Kb3 41. Rf6 Kxb2 42. Rxf7 h5 43. Ra7 a3 44. f4 a2 45. Kh4 Rb5 46. f5 Rxf5 47. Kg3 Rb5 48. h4 a1=Q 49. Rxa1 Kxa1 0-1


[Site "https://www.chess.com"]

[Event "Titled Tuesday Blitz March 08 Early 2022"]
[White "Daianu, Cristian-Clement"]
[Black "Fus, Jakub"]
[WhiteFideId "1208926"]
[BlackFideId "1193023"]
[WhiteElo "2159"]
[BlackElo "2111"]
[Result "0-1"]
[Round "06"]
[TimeControl "180+1"]
[Date "2022.03.09"]
[WhiteClock "0:00:37"]
[BlackClock "0:00:19"]

1. e4 c6 2. d4 d5 3. f3 Qb6 4. Nc3 dxe4 5. fxe4 e5 6. Nf3 exd4 7. Nxd4 Bc5 8. Be3 Qxb2 9. Na4 Bb4+ 10. c3 Bxc3+ 11. Nxc3 Qxc3+ 12. Kf2 Nf6 13. Bd3 Ng4+ 14. Ke2 Ne5 15. Rc1 Bg4+ 16. Nf3 Qxd3+ 17. Qxd3 Nxd3 18. Kxd3 Nd7 19. Rb1 O-O-O 20. Bxa7 Rhe8 21. Ke3 Nf6 22. Rhc1 Nxe4 23. Kf4 Bxf3 24. gxf3 Nf6 25. Rb3 Nd5+ 26. Kg3 Rd6 27. a4 Re7 28. a5 Rg6+ 29. Kf2 Nf4 30. a6 Nh3+ 31. Kf1 bxa6 32. Bc5 Rb7 33. Rxb7 Kxb7 34. Rb1+ Kc7 35. Rb6 Nf4 36. Rxa6 Ne6 37. Be3 Rf6 38. Ke2 Kd6 39. Kd3 Rf5 40. Ke2 Rh5 41. Bg1 Rg5 42. Kf1 Kd5 43. Ra7 Rf5 44. Ke2 c5 45. Bf2 g6 46. Be3 h5 47. h4 Nd4+ 48. Bxd4 Kxd4 49. Rd7+ Kc3 50. Ke3 c4 51. f4 Kc2 52. Ke4 c3 53. Rc7 Kb2 54. Kd3 Rd5+ 55. Ke4 Rb5 56. Kd3 Rd5+ 57. Ke4 Rd6 58. Rb7+ Kc1 59. Rxf7 c2 0-1


[Site "https://www.chess.com"]

[Event "Titled Tuesday Blitz March 08 Early 2022"]
[White "De Souza, Cristiano Gomes"]
[Black "Jakubowska, Anna"]
[WhiteFideId "2151758"]
[BlackFideId "1121952"]
[WhiteElo "2068"]
[BlackElo "1924"]
[Result "0-1"]
[Round "06"]
[TimeControl "180+1"]
[Date "2022.03.09"]
[WhiteClock "0:01:29"]
[BlackClock "0:01:24"]

1. d4 f5 2. c4 Nf6 3. Nf3 g6 4. Nc3 Bg7 5. g3 O-O 6. Bg2 d6 7. O-O Nc6 8. b3 e5 9. d5 Ne7 10. Bb2 f4 11. Rc1 Nh5 12. Ng5 h6 13. Ne6 Bxe6 14. dxe6 Qc8 15. Nd5 Re8 16. Be4 g5 17. e3 Nf6 18. Nxf6+ Bxf6 19. c5 Qxe6 20. cxd6 cxd6 21. Bxb7 Rad8 22. e4 Kg7 23. Rc7 Rd7 24. Qc2 Red8 25. f3 fxg3 26. hxg3 Qh3 27. g4 h5 28. gxh5 Qg3+ 29. Kh1 Rh8 30. Rf2 Rxh5+ 31. Rh2 Rxh2+ 32. Qxh2 Qxh2+ 33. Kxh2 Rxc7 0-1


[Site "https://www.chess.com"]

[Event "Titled Tuesday Blitz March 08 Early 2022"]
[White "Decuigniere, Tom"]
[Black "Samaganova, Aleksandra"]
[WhiteFideId "26093820"]
[BlackFideId "13800221"]
[WhiteElo "1997"]
[BlackElo "1859"]
[Result "0-1"]
[Round "06"]
[TimeControl "180+1"]
[Date "2022.03.09"]
[WhiteClock "0:00:04"]
[BlackClock "0:00:13"]

1. e4 c5 2. Nf3 e6 3. d4 cxd4 4. Nxd4 a6 5. Be3 Qc7 6. Nc3 Nf6 7. Bd3 b5 8. O-O Bb7 9. f3 Be7 10. Rc1 O-O 11. Nce2 d5 12. e5 Nfd7 13. f4 Nc6 14. c3 Nc5 15. Bb1 Ne4 16. Ng3 Nxd4 17. cxd4 Qb6 18. Nxe4 dxe4 19. Qe2 Bd5 20. Bf2 Qb7 21. Rc2 Bc4 22. Qe3 Bxf1 23. Kxf1 Rad8 24. Rd2 Bb4 25. Bxe4 Bxd2 26. Qd3 Qc7 27. Qxd2 g6 28. Be3 Rc8 29. g4 f5 30. exf6 Rxf6 31. Qe2 Qc4 32. Bd3 Qd5 33. Kg1 Qxa2 34. g5 Rf7 35. Bd2 Qd5 36. Be3 b4 37. b3 Rc3 38. Bxa6 Qxb3 39. Bb5 Rxe3 40. Qf2 Qd1+ 41. Kg2 Qg4+ 42. Kf1 Rxf4 43. Bc4 Rxf2+ 44. Kxf2 Qf3+ 45. Kg1 Re1+ 46. Bf1 Rxf1# 0-1


[Site "https://www.chess.com"]

[Event "Titled Tuesday Blitz March 08 Early 2022"]
[White "Derige Kane, Yan"]
[Black "Mayaud, Raphael"]
[WhiteFideId "20665431"]
[BlackFideId "627151"]
[WhiteElo "2169"]
[BlackElo "2191"]
[Result "1-0"]
[Round "06"]
[TimeControl "180+1"]
[Date "2022.03.09"]
[WhiteClock "0:02:07"]
[BlackClock "0:00:20"]

1. Nf3 d5 2. g3 c6 3. Bg2 Nf6 4. O-O Bf5 5. c4 e6 6. cxd5 exd5 7. b3 Nbd7 8. Bb2 Be7 9. Nc3 O-O 10. d3 h6 11. Re1 Bh7 12. e4 Nb6 13. e5 Nfd7 14. d4 Re8 15. a4 a6 16. Bh3 Nf8 17. Ba3 Ne6 18. a5 Nd7 19. Bxe6 fxe6 20. Bxe7 Qxe7 21. Na4 Rf8 22. Nd2 Qf7 23. f4 g5 24. Rf1 gxf4 25. Rxf4 Qe7 26. Qg4+ Kh8 27. Raf1 Rxf4 28. Qxf4 Qg7 29. Qf7 Rf8 30. Qxe6 Rxf1+ 31. Kxf1 Nf8 32. Qe8 Bd3+ 33. Kg2 Kg8 34. Nc5 Qg4 35. Nxd3 Qe2+ 36. Nf2 Qxd2 37. e6 Kg7 38. Qf7+ 1-0


[Site "https://www.chess.com"]

[Event "Titled Tuesday Blitz March 08 Early 2022"]
[White "Derraugh, Geordie"]
[Black "Prohorov, Olexandr"]
[WhiteFideId "2603950"]
[BlackFideId "14105578"]
[WhiteElo "2116"]
[BlackElo "1993"]
[Result "1-0"]
[Round "06"]
[TimeControl "180+1"]
[Date "2022.03.09"]
[WhiteClock "0:00:07"]
[BlackClock "0:00:01"]

1. e4 c5 2. c3 Qa5 3. Nf3 Nc6 4. Bc4 e6 5. O-O Nf6 6. e5 Nd5 7. Na3 Be7 8. Re1 a6 9. Nc2 Qc7 10. Bxd5 exd5 11. d4 cxd4 12. Ncxd4 O-O 13. Nf5 d6 14. exd6 Bxd6 15. Qxd5 Bf4 16. Ng3 Be6 17. Qe4 Bxc1 18. Raxc1 h6 19. c4 Rac8 20. Nh4 Qb6 21. b3 Qd4 22. Nhf5 Qxe4 23. Rxe4 Rfd8 24. Rce1 Rd2 25. R4e2 Rcd8 26. f3 Kf8 27. Kf2 Nb4 28. a3 Nd3+ 29. Ke3 Nxe1 30. Rxd2 Rxd2 31. Kxd2 Nxg2 32. Ke2 f6 33. Nd6 b6 34. Nde4 Ke7 35. Kd3 Nf4+ 36. Kd4 h5 37. b4 h4 38. Nf1 Ng6 39. c5 bxc5+ 40. Nxc5 Bc8 41. Ne3 Ne5 42. f4 Nc6+ 43. Kd5 Nb8 44. Nc4 g5 45. fxg5 fxg5 46. Nd6 Bh3 47. Nde4 Bg2 48. Ke5 g4 49. Ng5 g3 50. hxg3 h3 51. Nf3 Bxf3 52. Nd3 h2 53. Nf2 Nc6+ 54. Kf4 Bg2 55. g4 Kf6 56. Kg3 Bd5 57. Kxh2 Kg5 58. Kg3 Ne5 59. Nh3+ Kf6 60. Kf4 Nd3+ 61. Ke3 Nb2 62. Kd4 Be6 63. Nf2 Nc4 64. a4 Nb6 65. a5 Nd5 66. Kc5 Bd7 67. Kxd5 1-0


[Site "https://www.chess.com"]

[Event "Titled Tuesday Blitz March 08 Early 2022"]
[White "Devaev, Alexander"]
[Black "Chernov, Alexander A."]
[WhiteFideId "4169395"]
[BlackFideId "4152492"]
[WhiteElo "2185"]
[BlackElo "1956"]
[Result "1-0"]
[Round "06"]
[TimeControl "180+1"]
[Date "2022.03.09"]
[WhiteClock "0:00:20"]
[BlackClock "0:00:02"]

1. Nf3 d5 2. d4 e6 3. c4 Nf6 4. cxd5 exd5 5. Nc3 Be7 6. Bg5 O-O 7. Bxf6 Bxf6 8. e3 c6 9. Bd3 Bg4 10. Qc2 h6 11. h3 Be6 12. O-O Nd7 13. b4 Rc8 14. Rab1 Be7 15. Na4 b5 16. Nc5 Nxc5 17. bxc5 a5 18. Ne5 f6 19. Ng6 Re8 20. Rbe1 Bf7 21. Qd2 Qd7 22. Bb1 Ra8 23. Nh4 Kf8 24. Qc2 Bd8 25. Qh7 Be6 26. Bg6 Bf7 27. Qh8+ Bg8 28. e4 dxe4 29. Bxe4 Bc7 30. Bh7 Kf7 31. Bg6+ Kf8 32. Bf5 Qf7 33. Ng6+ Qxg6 34. Bxg6 Rxe1 35. Rxe1 Bf4 36. Bh7 Kf7 37. Bxg8+ Rxg8 38. Re7+ Kxe7 39. Qxg8 1-0


[Site "https://www.chess.com"]

[Event "Titled Tuesday Blitz March 08 Early 2022"]
[White "Dilmukhametov, Artur"]
[Black "Winkels, Marcel"]
[WhiteFideId "24179922"]
[BlackFideId "1003887"]
[WhiteElo "2237"]
[BlackElo "1900"]
[Result "0-1"]
[Round "06"]
[TimeControl "180+1"]
[Date "2022.03.09"]
[WhiteClock "0:00:02"]
[BlackClock "0:01:17"]

1. d4 Nf6 2. c4 c5 3. d5 b5 4. b3 bxc4 5. bxc4 g6 6. Bb2 Bg7 7. Nf3 d6 8. e4 Nbd7 9. Be2 Rb8 10. Qc2 O-O 11. Nc3 Rxb2 12. Qxb2 Nxe4 13. O-O Bxc3 14. Qc2 Bxa1 15. Qxe4 Bg7 16. h4 Nf6 17. Qd3 Bf5 18. Qd2 Qb6 19. Ng5 Rb8 20. f3 Qb2 21. Qe3 Qd4 22. Qxd4 cxd4 23. g4 d3 24. Bd1 Bd7 25. Kf2 Rb2+ 26. Ke3 d2 27. Rf2 h6 28. Nh3 Ne8 29. Rxd2 Rxd2 30. Kxd2 Nc7 31. g5 h5 32. f4 Bxh3 33. Ke3 Na6 34. Bb3 Nc5 35. Kf2 Nxb3 36. axb3 Bf5 37. Ke3 Bc3 38. Kf3 Bc2 39. b4 Bxb4 40. f5 a5 41. c5 Bxc5 42. fxg6 fxg6 43. Ke2 Bb4 44. Kf1 a4 45. Kf2 a3 46. Ke3 a2 47. Kd4 a1=Q+ 48. Ke3 Bc5+ 49. Kd2 Bf5 50. Ke2 Qd4 51. Kf1 Qxh4 0-1


[Site "https://www.chess.com"]

[Event "Titled Tuesday Blitz March 08 Early 2022"]
[White "Dolzhykova, Kateryna"]
[Black "Mikhnenko, Alexander"]
[WhiteFideId "14113414"]
[BlackFideId "34143014"]
[WhiteElo "2184"]
[BlackElo "2184"]
[Result "1-0"]
[Round "06"]
[TimeControl "180+1"]
[Date "2022.03.09"]
[WhiteClock "0:01:33"]
[BlackClock "0:00:11"]

1. e4 c5 2. Nf3 e6 3. d3 d5 4. Nbd2 Nf6 5. g3 Nc6 6. Bg2 Be7 7. O-O O-O 8. Re1 Qc7 9. e5 Nd7 10. Qe2 b6 11. Nf1 Bb7 12. h4 Ba6 13. Bf4 c4 14. d4 c3 15. Qxa6 Nb4 16. Qa3 Rfe8 17. Qb3 cxb2 18. Qxb2 Qxc2 19. Rab1 Qxb2 20. Rxb2 Nd3 21. Reb1 Ne1 22. Rxe1 Rec8 23. Rc1 Ba3 24. Rxc8+ Rxc8 25. Rb3 Bf8 26. Rb1 1-0


[Site "https://www.chess.com"]

[Event "Titled Tuesday Blitz March 08 Early 2022"]
[White "Domingo Nunez, Alejandro"]
[Black "Mekhitarian, Krikor Sevag"]
[WhiteFideId "22245561"]
[BlackFideId "2107660"]
[WhiteElo "2215"]
[BlackElo "2598"]
[Result "1-0"]
[Round "06"]
[TimeControl "180+1"]
[Date "2022.03.09"]
[WhiteClock "0:00:09"]
[BlackClock "0:00:04"]

1. c4 c5 2. Nc3 Nc6 3. Nf3 g6 4. e3 Nf6 5. d4 cxd4 6. exd4 d5 7. cxd5 Nxd5 8. Qb3 Nxc3 9. Bc4 e6 10. bxc3 Bd7 11. Bd3 Na5 12. Qb2 Rc8 13. O-O Bg7 14. Bg5 f6 15. Bf4 O-O 16. Bd6 Re8 17. Bb4 Nc4 18. Qe2 Qc7 19. a4 b6 20. a5 Nxa5 21. Bxa5 bxa5 22. c4 Bc6 23. Nd2 f5 24. Qe3 Rcd8 25. d5 exd5 26. Qc5 Bxa1 27. Rxa1 Qb6 28. Qa3 Qb4 29. Qc1 dxc4 30. Bxc4+ Bd5 31. Bf1 a4 32. Rb1 Qd6 33. Qc3 a3 34. Ra1 a2 35. Nc4 Qe6 36. h4 Rc8 37. Rxa2 Bxc4 38. Rxa7 Qe5 39. Bxc4+ Kh8 40. Qd3 Red8 41. Qb3 Qd4 42. Qb7 Qd1+ 43. Bf1 Qd7 44. Qxd7 Rxd7 45. Rxd7 Rc1 46. g3 Rc3 47. Kg2 f4 48. g4 Rc1 49. Be2 Rc3 50. Bf3 Rc5 51. g5 h6 52. gxh6 g5 53. h5 g4 54. Bxg4 Rg5 55. f3 Rg8 56. Rc7 Rg5 57. Kf2 Rg8 58. Rc8 Kh7 59. Bf5+ Kxh6 60. Rxg8 1-0


[Site "https://www.chess.com"]

[Event "Titled Tuesday Blitz March 08 Early 2022"]
[White "Dubov, Daniil"]
[Black "Kozak, Antoni"]
[WhiteFideId "24126055"]
[BlackFideId "21832030"]
[WhiteElo "2791"]
[BlackElo "2236"]
[Result "1-0"]
[Round "06"]
[TimeControl "180+1"]
[Date "2022.03.08"]
[WhiteClock "0:00:03"]
[BlackClock "0:00:02"]

1. d4 d5 2. Nf3 Nf6 3. c4 e6 4. g3 dxc4 5. Bg2 Bb4+ 6. Nbd2 b5 7. Ne5 Nd5 8. O-O O-O 9. Qc2 Bb7 10. b3 Bc3 11. Rb1 Bxd4 12. bxc4 Bxe5 13. cxd5 Bxd5 14. Rxb5 Bxg2 15. Kxg2 Nd7 16. Nf3 Bd6 17. Bb2 Qe7 18. Ng5 f5 19. h4 Rab8 20. Ra5 h6 21. Nf3 Rb7 22. Nd4 Qf7 23. e3 e5 24. Nf3 f4 25. exf4 exf4 26. g4 Qe6 27. Kh3 Rfb8 28. Bc3 Qf7 29. Rf5 Qe6 30. Re1 Qc4 31. Nd2 Rb2 32. Nxc4 Rxc2 33. Bxg7 1-0


[Site "https://www.chess.com"]

[Event "Titled Tuesday Blitz March 08 Early 2022"]
[White "Durarbayli, Vasif"]
[Black "Moroni, Luca Jr"]
[WhiteFideId "13402935"]
[BlackFideId "865834"]
[WhiteElo "2528"]
[BlackElo "2573"]
[Result "0-1"]
[Round "06"]
[TimeControl "180+1"]
[Date "2022.03.08"]
[WhiteClock "0:00:04"]
[BlackClock "0:00:53"]

1. d4 d6 2. e4 e5 3. Nf3 exd4 4. Nxd4 Nf6 5. Nc3 Be7 6. Bf4 O-O 7. Qd2 d5 8. Ndb5 c6 9. Nc7 Bb4 10. O-O-O Nxe4 11. Qd4 Nxc3 12. bxc3 Ba3+ 13. Kb1 Bg4 14. f3 Be6 15. Nxa8 Qa5 16. Bc1 c5 17. Qf4 d4 18. Bxa3 Qxa3 19. c4 Qb4+ 20. Kc1 Na6 21. Bd3 Rxa8 22. Rde1 Qa3+ 23. Kd2 Nb4 24. Qe4 Qc3+ 25. Ke2 g6 26. Kf2 Bxc4 27. Qxb7 Rf8 28. Bxc4 Qxc4 29. Re2 d3 30. cxd3 Nxd3+ 31. Kg3 Qf4+ 32. Kh3 Qh6+ 33. Kg3 Qg5+ 34. Kh3 Nf4# 0-1


[Site "https://www.chess.com"]